 Dungeon Sprint DCSS version 0.29-a0-320-g9f8742066b (webtiles) character file.

Game seed: 13359893697304788219

238 mhtbhm the Protected (level 5, -1/53 HPs)
             Began as a Minotaur Fighter on Apr 2, 2022.
             Was a Believer of Trog.
             Killed from afar by an acid dragon (19 damage)
             ... with a splash of acid
             ... in the Dungeon (Sprint IX: "|||||||||||||||||||||||||||||").
             The game lasted 00:00:43 (203 turns).

mhtbhm the Protected (Minotaur Fighter)              Turns: 203, Time: 00:00:44

Health: -1/53      AC: 11    Str: 26    XL:     5   Next: 78%
Magic:  4/4        EV:  9    Int:  5    God:    Trog [**....]
Gold:   0          SH:  5    Dex:  9    Spells: 4/4 levels left

rFire   . . .      SeeInvis .   a - +2 scimitar (elec)
rCold   . . .      Faith    .   c - +0 buckler
rNeg    . . .      Spirit   .   b - +0 plate armour
rPois   .          Reflect  .   (helmet restricted)
rElec   .          Harm     .   (no cloak)
rCorr   .          Rampage  .   m - +0 pair of gloves
Will    .....      NoTele   +   (no boots)
Stlth   ..........              (no amulet)
HPRegen 0.17/turn               n - +2 ring of evasion
MPRegen 0.09/turn               o - +3 ring of strength

@: corroded
A: horns 2, retaliatory headbutt
a: Renounce Religion, Berserk, Trog's Hand


You were in the Dungeon.
You worshipped Trog.
Trog was pleased with you.
You visited 1 branch

Inventory:

Hand Weapons
 a - a +2 scimitar of electrocution (weapon)
Armour
 b - a +0 plate armour (worn)
 c - a +0 buckler (worn)
 m - a +0 pair of gloves (worn)
Jewellery
 n - a +2 ring of evasion (left hand)
 o - a +3 ring of strength (right hand)
Wands
 l - a wand of acid (10)
Scrolls
 j - 2 scrolls of blinking
Potions
 d - a potion of might
 e - 4 potions of curing
 f - 2 potions of heal wounds
 g - a potion of haste
 h - 4 potions of magic
 i - a potion of berserk rage
 k - a potion of invisibility


   Skills:
 + Level 7.8 Fighting
 + Level 6.4 Long Blades
 + Level 8.8 Armour
 + Level 1.9 Dodging
 + Level 8.1 Shields


You had 4 spell levels left.
You didn't know any spells.
Your spell library was empty.

Dungeon Overview and Level Annotations

Branches:
Dungeon (1/1)

Altars:
Cheibriados
Dithmenos
Elyvilon
Fedhas
Gozag
Hepliaklqana
Kikubaaqudgha
Makhleb
Nemelex Xobeh
Okawaru
Qazlal
Ru
Sif Muna
Trog
Uskayaw
Vehumet
Wu Jian
Xom
Yredelemnul
Zin
The Shining One
Beogh
Jiyva
Lugonu


Innate Abilities, Weirdness & Mutations

You have a pair of horns on your head.
You reflexively headbutt those who attack you in melee.


Message History

The killer bee is severely wounded.
The killer bee barely misses you.
The killer bee stings you but does no damage.
You slash the killer bee!
Lightning courses through the killer bee!
You kill the killer bee!
Trog accepts your kill.
You can now call upon Trog for regeneration and willpower.
Your Fighting skill increases to level 7!
Your Long Blades skill increases to level 5!
Your Armour skill increases to level 8!
You have reached level 5!
Unknown command.
You slash the kobold brigand!
The kobold brigand is moderately wounded.
The kobold brigand hits you with a +0 club.
You slash the kobold brigand!
Lightning courses through the kobold brigand!!
You kill the kobold brigand!
Trog accepts your kill. The acid dragon spits acid at you.
The splash of acid hits you!!
* * * LOW HITPOINT WARNING * * *
The acid corrodes you!
Your Long Blades skill increases to level 6!
Your Shields skill increases to level 8!
Unknown command.
There's a creature in the doorway!
Unknown command.
You feel much better. The acid dragon bites you.
The acid dragon barely misses you.
You slash the acid dragon!
The acid dragon is moderately wounded.
The acid dragon bites you!
The acid dragon claws you but does no damage.
You hit the acid dragon. Your headbutt misses the acid dragon.
The acid dragon is heavily wounded.
The acid dragon spits acid at you. The splash of acid hits you!!
You die... ▓▓▓▓▓▓▓▓▓▓▓▓▓▓▓▓▓▓▓▓▓▓▓▓ ......D@..[[.)?.'_______ ▓▓▓▓▓▓▓▓▓▓▓▓▓▓▓▓▓▓▓▓▓▓▓▓

You could see an acid dragon (catching breath).

Vanquished Creatures
  A kobold brigand (D)
  A killer bee (D)
  A hound (D)
  3 orc wizards (D)
  A white imp (D)
  An ufetubus (D)
  A dart slug (D)
  An orc (D)
  A goblin (D)
  A quokka (D)
  2 bats (D)
  A rat (D)
15 creatures vanquished.

Notes
Turn   | Place    | Note
-------+----------+-------------------------------------------
     0 | D        | mhtbhm the Minotaur Fighter began the quest for the Orb.
     0 | D        | Reached XP level 1. HP: 19/19 MP: 0/0
    21 | D        | Noticed a hound
    23 | D        | Reached XP level 2. HP: 27/27 MP: 1/1
    27 | D        | Reached skill level 5 in Fighting
    27 | D        | Reached skill level 5 in Shields
    27 | D        | Reached XP level 3. HP: 32/36 MP: 2/2
    39 | D        | Found a snail-covered altar of Cheibriados.
    39 | D        | Found a shadowy altar of Dithmenos.
    39 | D        | Found a white marble altar of Elyvilon.
    39 | D        | Found a blossoming altar of Fedhas.
    39 | D        | Found an opulent altar of Gozag.
    40 | D        | Found a hazy altar of Hepliaklqana.
    41 | D        | Found a viscous altar of Jiyva.
    42 | D        | Found an ancient bone altar of Kikubaaqudgha.
    43 | D        | Found a corrupted altar of Lugonu.
    44 | D        | Found a burning altar of Makhleb.
    45 | D        | Found a sparkling altar of Nemelex Xobeh.
    46 | D        | Found an iron altar of Okawaru.
    91 | D        | Found a stormy altar of Qazlal.
    92 | D        | Found a sacrificial altar of Ru.
    93 | D        | Found a shimmering blue altar of Sif Muna.
    94 | D        | Found a bloodstained altar of Trog.
    95 | D        | Found a hide-covered altar of Uskayaw.
    96 | D        | Found a radiant altar of Vehumet.
    97 | D        | Found an ornate altar of the Wu Jian Council.
   100 | D        | Found a shimmering altar of Xom.
   101 | D        | Found a basalt altar of Yredelemnul.
   124 | D        | Found a glowing silver altar of Zin.
   125 | D        | Found a glowing golden altar of the Shining One.
   126 | D        | Became a worshipper of Trog the Wrathful
   175 | D        | Noticed an acid dragon
   175 | D        | Noticed a kobold brigand
   175 | D        | Noticed a killer bee
   177 | D        | Reached XP level 4. HP: 44/44 MP: 3/3
   181 | D        | Reached * piety under Trog
   182 | D        | Reached skill level 1 in Dodging
   198 | D        | Reached ** piety under Trog
   199 | D        | Reached skill level 5 in Long Blades
   199 | D        | Reached XP level 5. HP: 32/52 MP: 4/4
   203 | D        | Killed from afar by an acid dragon

Illustrated notes

Levels and vault maps discovered:
D:        linesprint [early_d, line_temple, items_1, d_10, items_2, lair_1,
          lair_end, items_3, orc_1, orc_end, items_4, d_15, swamp_1, shoals_1,
          snake_1, spider_1, d_20, vaults_1, items_5, swamp_end, shoals_end,
          snake_end, spider_end, vaults_end, d_27, items_6, zot_1, zot_end,
          crypt_end, forest_end, elf_end, slime_end, tomb_end, abyss_end,
          pan_hell_end]

Skill      XL: |  1  2  3  4  5 |
---------------+----------------+-----
Armour         | 4 6 8 |  8.8
Fighting       | 4 5 6 7 |  7.8
Shields        | 4 5 6 7 8 |  8.1
Long Blades    | 3 4 5 6 |  6.4
Dodging        | 1 |  1.9

Action                   |  1- 3 |  4- 6 || total
-------------------------+-------+-------++-------
Melee: Long sword        |    22 |       ||    22
       Headbutt          |     3 |     1 ||     4
       Scimitar          |     1 |    25 ||    26
  Use: Potion            |       |     2 ||     2
Armor: Scale mail        |     9 |       ||     9
       Plate armour      |       |    15 ||    15
Dodge: Dodged            |    16 |    13 ||    29
Block: Buckler           |     4 |     6 ||    10

Table legend: (Time is in decaauts)
 A = Elapsed time spent in this place.
 B = Non-inter-level travel time spent in this place.
 C = Inter-level travel time spent in this place.
 D = Time resting spent in this place.
 E = Time spent auto-exploring this place.
 F = Levels seen in this place.
 G = Mean time per level.
                   A        B        C        D        E       F      G
               +--------+--------+--------+--------+--------+-----+--------+
         Total |    213 |    213 |      0 |     44 |      7 |   1 |  213.0 |
       Dungeon |    213 |    213 |      0 |     44 |      7 |   1 |  213.0 |
               +--------+--------+--------+--------+--------+-----+--------+

Top non-repeatable levels by time:
       D: 213 daAuts
